Map: Deathaura LE

Players

WamBamTYCam - Winner!

  • Race: Zerg Zerg
  • League: Gold
  • Spawn Location: 11:00

CriticalM

  • Race: Terran Terran
  • League: Silver
  • Spawn Location: 5:00

VOD

Have the link to the VOD?

Description

Time

  • Played on: Dec. 12, 2020, 10:29 p.m.
  • Length: 10:23
Show
View Real Time Build Order
Export as new Build Order

WamBamTYCam Zerg - Winner!

Build Orders: Hatch First, Muta Ling Bane 

Get SALT Encoding   

  12  0:00  Drone  
  13  0:13  Overlord  
  13  0:18  Drone  
  14  0:31  Drone x2  
  16  0:36  Drone  
  17  0:53  Hatchery  
  16  0:57  Drone  
  16  1:02  Drone  
  18  1:12  Extractor, Drone  
  18  1:17  Spawning Pool  
  17  1:20  Drone  
  18  1:28  Drone  
  19  1:41  Drone  
  20  1:51  Drone  
  21  2:05  Drone, Queen  
  21  2:06  Queen  
  21  2:07  Zergling x2  
  27  2:13  Drone  
  28  2:19  Metabolic Boost  
  28  2:27  Overlord  
  28  2:35  Overlord x2  
  28  2:48  Drone x4  
  32  3:13  Zergling x8  
  32  3:17  Hatchery  
  35  3:32  Zergling x2  
  35  3:33  Zergling x10  
  41  3:37  Baneling Nest  
  40  3:43  Lair  
  39  3:51  Queen  
  41  3:59  Overlord, Zergling x6  
  41  4:00  Overlord x3  
  44  4:22  Baneling  
  44  4:23  Baneling x6  
  44  4:24  Drone  
  44  4:25  Drone x4  
  49  4:32  Queen  
  49  4:33  Drone  
  50  4:50  Drone x3  
  50  4:52  Zergling x2  
  54  4:53  Zergling x12  
  60  5:07  Extractor  
  60  5:08  Extractor, Drone  
  60  5:12  Drone  
  60  5:13  Drone  
  61  5:15  Drone  
  61  5:17  Drone x5  
  67  5:25  Centrifical Hooks  
  67  5:39  Drone x2  
  67  5:42  Drone x3  
  72  5:45  Zergling x18  
  81  5:53  Overlord x2, Extractor  
  80  5:57  Drone  
  80  6:00  Drone  
  82  6:18  Drone  
  76  6:30  Baneling x2  
  76  6:39  Drone  
  78  6:40  Drone x5  
  80  6:53  Drone  
  80  6:54  Drone x2  
  83  6:56  Drone x3  
  83  6:57  Drone  
  87  7:04  Spine Crawler  
  87  7:05  Spine Crawler, Spire  
  84  7:08  Zergling x2  
  84  7:09  Zergling x26  
  98  7:31  Extractor  
  98  7:32  Extractor  
  96  7:38  Evolution Chamber x2  
  96  7:44  Hatchery  
  93  7:45  Overseer x2, Infestation Pit  
  92  8:10  Zergling x12  
  98  8:15  Overlord  
  98  8:16  Overlord x3  
  87  8:33  Mutalisk x11  
  109  8:44  Drone x3  
  109  8:47  Drone x3  
  113  9:00  Mutalisk x3  
  113  9:01  Mutalisk x2  
  119  9:22  Drone  
  119  9:23  Drone  
  121  9:25  Drone x6  
  121  9:26  Drone x9  
  121  9:28  Overlord x2  
Show
View Real Time Build Order
Export as new Build Order

CriticalM Terran 

Build Orders:  

Get SALT Encoding   

  12  0:01  SCV  
  13  0:13  SCV  
  14  0:23  Supply Depot  
  14  0:25  SCV  
  15  0:44  SCV  
  15  0:47  Barracks  
  15  0:49  Supply Depot  
  16  0:56  SCV  
  17  1:05  Refinery  
  17  1:09  SCV  
  18  1:21  SCV  
  19  1:33  SCV  
  19  1:36  Barracks  
  19  1:38  Marine  
  21  1:45  SCV  
  22  1:57  SCV  
  22  1:58  Marine  
  24  2:09  SCV  
  25  2:15  Refinery  
  25  2:16  Marine  
  26  2:30  Barracks Tech Lab  
  26  2:33  Marine  
  27  2:51  Marine  
  27  2:53  Combat Shield, Factory  
  27  2:55  Marine  
  29  3:09  Marine  
  30  3:13  Marine  
  31  3:22  Command Center  
  31  3:44  Marine  
  31  3:54  Factory Tech Lab  
  31  4:04  Supply Depot  
  31  4:06  Supply Depot  
  31  4:08  Barracks  
  31  4:10  Starport  
  31  4:16  Stimpack  
  31  4:26  SCV, Marauder  
  31  4:27  Supply Depot  
  31  4:29  Engineering Bay  
  34  4:38  SCV  
  30  4:48  Siege Tank  
  30  4:51  Marine  
  32  5:00  Bunker  
  32  5:08  Marine  
  32  5:09  Supply Depot, Marine  
  34  5:15  Marine  
  34  5:20  Siege Tank  
  38  5:26  Marine  
  39  5:33  SCV x2  
  41  5:39  Starport Tech Lab  
  41  5:44  Marine  
  41  5:45  SCV, Marine  
  41  5:46  SCV  
  45  5:53  Hellion  
  47  5:58  SCV  
  47  6:01  SCV  
  49  6:06  Refinery  
  49  6:09  Medivac  
  51  6:13  SCV x2  
  51  6:14  Hellion  
  55  6:25  SCV  
  56  6:26  SCV  
  57  6:38  SCV  
  57  6:39  Raven  
  59  6:53  Hellion  
  61  7:05  Armory, Orbital Command  
  61  7:06  Orbital Command  
  61  7:09  Marine  
  61  7:10  Barracks Reactor  
  61  7:14  Hellion  
  64  7:22  Banshee  
  67  7:26  Marine  
  68  7:36  Hellion  
  70  7:42  Terran Infantry Weapons Level 1  
  70  7:44  Marine  
  70  7:49  Marine x2  
  73  7:57  Widow Mine  
  75  8:01  Refinery  
  75  8:04  Banshee  
  78  8:08  Infernal Pre-Igniter  
  78  8:16  Marine  
  78  8:18  Marine  
  78  8:19  Widow Mine  
  77  8:34  Marine  
  78  8:54  Marine x2  
  78  8:55  SCV, Banshee  
  81  9:07  SCV  
  82  9:12  Marine x2  
  84  9:26  Marine  
  84  9:30  Marine  
  86  9:52  Command Center  
  86  10:02  Marine  
  86  10:05  Marine  
Tags
 
Composition
Muta Ling Bane
Matchup
TvZ
Spawn Locations
Cross Positions
Add a new tag
Caveats
  • Supply blocks, unpowered buildings, or Contaminate may cause inaccurate times.
  • Supply counts are checked every 10 seconds.